 Dungeon Crawl Stone Soup version 0.32-a0-614-gd166fa89d2 (webtiles) character file.

Game seed: 17703864922233900177

278 senseless the Shooter (level 6, -3/48 HPs)
             Began as a Formicid Hunter on Mar 5, 2024.
             Was a Believer of Qazlal.
             Killed by divine providence
             ... invoked by an orc priest
              (13 damage)
             ... on level 4 of the Dungeon.
             The game lasted 00:09:57 (2699 turns).

senseless the Shooter (Formicid Hunter)             Turns: 2699, Time: 00:09:58

Health: -3/48      AC:  8    Str: 15    XL:     6   Next: 51%
Magic:  6/6        EV: 12    Int:  9    God:    Qazlal [**....]
Gold:   164        SH:  7    Dex: 19    Spells: 5/5 levels left

rFire   . . .        a - +0 shortbow
rCold   + . .        p - +0 buckler
rNeg    + . .        c - +0 leather armour
rPois   .            (helmet unavailable)
rElec   .            h - scarf {shadows}
rCorr   .            (no gloves)
SInv    +            q - +4 pair of boots of the Endless Expanse {rC+}
Will    .....        (no amulet)
Stlth   ++           i - ring of positive energy
HPRegen 0.28/turn    (no ring)
MPRegen 0.10/turn

%: no passive effects
@: no status effects
A: permanent stasis, dig shafts and tunnels, antennae 3, four strong arms
a: Dig, Shaft Self, Renounce Religion, Upheaval


You were on level 4 of the Dungeon.
You worshipped Qazlal.
Qazlal was pleased with you.
You visited 1 branch of the dungeon, and saw 4 of its levels.

You collected 164 gold pieces.

Inventory:

Hand Weapons
 a - a +0 shortbow (weapon)
 r - a +1 heavy spear
Armour
 c - a +0 leather armour (worn)
 d - a +0 ring mail
 h - a scarf of shadows (worn)
 p - a +0 buckler (worn)
 q - the +4 pair of boots of the Endless Expanse (worn) {rC+}
   (You found it on level 3 of the Dungeon)

   rC+:       It protects you from cold.
Jewellery
 i - a ring of positive energy (left hand)
Talismans
 l - a dragon-blood talisman
Scrolls
 e - a scroll of amnesia {unknown}
 f - a scroll of fog {unknown}
 g - 2 scrolls of fear {unknown}
 j - a scroll of noise {unknown}
 m - a scroll of poison {unknown}
 n - 2 scrolls of blinking {unknown}
 o - 2 scrolls of identify {unknown}


   Skills:
 * Level 4.0 Fighting
 * Level 5.1 Ranged Weapons
 - Level 0.8 Armour
 * Level 3.0 Dodging
 - Level 1.6 Stealth
 + Level 1.6 Unarmed Combat
 + Level 1.4 Shapeshifting


You had 5 spell levels left.
You didn't know any spells.
Your spell library contained the following spells:

 Spells                   Type           Power      Damage    Failure   Level
 Magic Dart               Conj           0%         1d3       56%         1
 Call Imp                 Summ           0%         N/A       71%         2
 Blink                    Tloc           Unusable   N/A       N/A         2

Dungeon Overview and Level Annotations

Branches:
Dungeon (4/15)
 Temple: D:4-7

Altars:
Cheibriados
Nemelex Xobeh
Qazlal
Uskayaw

Shops:
D:2 :

Annotations:
D:4 2 transporters, Storm's ghost, amateur MiFi


Innate Abilities, Weirdness & Mutations

You cannot be hasted, slowed, berserked, paralysed or teleported.
You can dig through walls and to a lower floor.
You have a pair of large antennae on your head. (SInv)
Your four strong arms can wield two-handed weapons with a shield.


Message History

The orc hits you with a +0 flail!
* * * LOW HITPOINT WARNING * * *
You hear a bark!
You block the orc's attack. The orc priest barely misses you.
The jackal barks!
You aren't carrying any potions.
Okay, then.
The jackal closely misses you.
An orc comes into view. It is wielding a +0 hand axe.
A jackal comes into view.
As you read the scroll of butterflies, it crumbles to dust.
You hear the flapping of tiny wings.
The orc is knocked back by the sudden gust. x2
The jackal is knocked back by the sudden gust.
The jackal barks!
The jackal completely misses your butterfly.
The orc priest misses your butterfly.
The orc hits your butterfly with a +0 whip.
Your butterfly dies!
Your butterfly disappears in a burst of colours!
You swap places.
Your butterfly is engulfed in freezing vapours.
You kill your butterfly!
Your butterfly disappears in a burst of colours!
The jackal closely misses your butterfly.
You swap places.
The jackal misses your butterfly.
The orc priest completely misses your butterfly.
The orc misses your butterfly. The jackal bites your butterfly.
Your butterfly dies!
Your butterfly disappears in a burst of colours!
Your butterfly is engulfed in freezing vapours.
You kill your butterfly!
Your butterfly disappears in a burst of colours!
The orc barely misses your butterfly. The orc closely misses your butterfly.
You swap places.
The jackal misses your butterfly. The orc misses your butterfly.
The orc barely misses your butterfly. The orc misses your butterfly.
The orc barely misses your butterfly.
The orc priest mumbles some strange prayers to Beogh against you.
Beogh smites you!
You die...

######### .)......#### ########
##............# #......#
...............####†.....#
................)........#
.............b.....))..########
.......####.bbb........####....
.......'..bb.bbb.bb.......#....
.......#...o.b@bbb........#....
........ob...h...b........#....
........bob.bbbb..........#....
........##b.bbb.b..##..........
.......)b....o.....##..........
...........hb..######..........
.?......###...... ......######
..........#...... ..<....
..........#...... ...... ##


You could see an orc priest (ally target), 3 orcs and 2 jackals.

Vanquished Creatures
  A bombardier beetle (D:3)
  A gnoll bouda (D:4)
  An iguana (D:4)
  2 orc wizards (D:4)
  Terence (D:3)
  3 gnolls
  2 adders
  A dart slug (D:1)
  4 orcs
  8 ball pythons
  5 endoplasms
  4 giant cockroaches
  4 goblins (D:1)
  7 hobgoblins
  2 kobolds (D:1)
  3 quokkas
  7 bats
  2 frilled lizards
  3 rats
61 creatures vanquished.

Notes
Turn   | Place    | Note
-------+----------+-------------------------------------------
     0 | D:1      | senseless the Formicid Hunter began the quest for the Orb.
     0 | D:1      | Reached XP level 1. HP: 16/16 MP: 1/1
    96 | D:1      | Reached XP level 2. HP: 23/23 MP: 2/2
   279 | D:1      | Found a faded altar of an unknown god.
   287 | D:1      | Prayed at the altar of an unknown god.
   287 | D:1      | Became a worshipper of Qazlal Stormbringer
   287 | D:1      | Reached * piety under Qazlal
   413 | D:1      | Reached XP level 3. HP: 28/28 MP: 3/3
   863 | D:2      | Found Ozud's Book Emporium.
  1500 | D:3      | Reached XP level 4. HP: 35/35 MP: 4/4
  1525 | D:3      | Found a snail-covered altar of Cheibriados.
  1800 | D:3      | Identified the +4 pair of boots of the Endless Expanse
                  | {rC+}
  1949 | D:3      | Reached XP level 5. HP: 41/41 MP: 5/5
  1952 | D:3      | Found a hide-covered altar of Uskayaw.
  2061 | D:3      | Reached ** piety under Qazlal
  2077 | D:3      | Found a sparkling altar of Nemelex Xobeh.
  2078 | D:3      | Noticed Terence
  2091 | D:3      | Killed Terence
  2092 | D:3      | Reached skill level 1 in Unarmed Combat
  2254 | D:4      | Noticed Storm's ghost (amateur MiFi)
  2258 | D:4      | Found a transporter.
  2262 | D:4      | Found a transporter.
  2270 | D:4      | Noticed an ogre
  2327 | D:4      | Reached skill level 1 in Shapeshifting
  2337 | D:4      | Identified the +8 great mace of the Original Sin {venom,
                  | *Rage Fly rCorr Stlth+}
  2337 | D:4      | Noticed an ogre
  2423 | D:4      | Reached XP level 6. HP: 35/48 MP: 6/6
  2465 | D:4      | Reached skill level 5 in Ranged Weapons
  2675 | D:4      | Identified the ring of Kuoch {rElec Will+ Str-5 Int+3
                  | Dex+3}
  2699 | D:4      | Killed from afar by an orc priest

Illustrated notes

Levels and vault maps discovered:
D:1:      dpeg_arrival_three_same_balls, layout_basic,
          shapermc_ecumenical_altar_gd, nicolae_kite_square_tiling_tiny,
          serial_bayou_crossing
D:2:      layout_loops_cross, serial_shops, shop
D:3:      layout_basic, mainiacjoe_overflow_24_doors, lemuel_doored_altar,
          eat_drink_and_be_merry_uskayaw, uniq_terence
D:4:      layout_basic, gammafunk_ghost_smash

Skill      XL: |  1  2  3  4  5  6 |
---------------+-------------------+-----
Dodging        | 2 3 |  3.0
Fighting       | 3 4 |  4.0
Unarmed Combat | 1 |  1.6
Shapeshifting  | 1 |  1.4
Ranged Weapons | 5 |  5.1
Armour         | |  0.8
Stealth        | |  1.6

Action                     |  1- 3 |  4- 6 || total
---------------------------+-------+-------++-------
  Melee: Shortbow          |       |     6 ||     6
   Fire: Shortbow          |    84 |   124 ||   208
Ability: Dig               |     2 |     2 ||     4
    Use: Potion            |       |     2 ||     2
         Scroll            |       |     1 ||     1
 Armour: Leather armour    |    14 |    78 ||    92
  Dodge: Dodged            |    19 |    43 ||    62
  Block: Buckler           |     2 |    34 ||    36

Table legend: (Time is in decaauts)
 A = Elapsed time spent in this place.
 B = Non-inter-level travel time spent in this place.
 C = Inter-level travel time spent in this place.
 D = Time resting spent in this place.
 E = Time spent auto-exploring this place.
 F = Levels seen in this place.
 G = Mean time per level.
                   A        B        C        D        E       F      G
               +--------+--------+--------+--------+--------+-----+--------+
         Total |   2754 |   2719 |     35 |     62 |   2175 |   4 |  688.5 |
       Dungeon |   2754 |   2719 |     35 |     62 |   2175 |   4 |  688.5 |
               +--------+--------+--------+--------+--------+-----+--------+

Top non-repeatable levels by time:
     D:3: 862 daAuts
     D:1: 848 daAuts
     D:2: 649 daAuts
     D:4: 393 daAuts
